 Dungeon Crawl Stone Soup version 0.27.1-33-g824d729ab1 (webtiles) character file.

Game seed: 15978328592831080687

207 SlutHorse69 the Skirmisher (level 5, 0/46 HPs)
             Began as a Hill Orc Fighter on Dec 12, 2021.
             Was a Priest of Cheibriados.
             Killed from afar by an electric eel (7 damage)
             ... with a bolt of electricity
             ... on level 3 of the Dungeon.
             The game lasted 00:13:56 (2697 turns).

SlutHorse69 the Skirmisher (Hill Orc Fighter)       Turns: 2697, Time: 00:13:56

Health: 0/46       AC:  8    Str: 25    XL:     5   Next: 85%
Magic:  5/5        EV:  7    Int: 14    God:    Cheibriados [***...]
Gold:   54         SH: 10    Dex: 19    Spells: 4/4 levels left

rFire    . . .     SeeInvis .   a - +0 war axe
rCold    . . .     Faith    .   c - +0 kite shield
rNeg     . . .     Spirit   .   b - +0 scale mail
rPois    .         Reflect  .   (no helmet)
rElec    .         Harm     .   i - +0 cloak
rCorr    .         Rampage  .   (no gloves)
Will     .....                  (no boots)
Stlth    ..........             (no amulet)
HPRegen  0.15/turn              (no ring)
MPRegen  0.09/turn              (no ring)

@: very slow
A: hooves 1, agile 1, frail 1, high mp 1, evolution 1
a: Renounce Religion, Bend Time, Temporal Distortion


You were on level 3 of the Dungeon.
You worshipped Cheibriados.
Cheibriados was most pleased with you.
You visited 1 branch of the dungeon, and saw 3 of its levels.

You collected 109 gold pieces.
You spent 55 gold pieces at shops.

Inventory:

Hand Weapons
 a - a +0 war axe (weapon)
Missiles
 e - 84 stones (quivered)
 f - 44 arrows
 h - 17 bolts
Armour
 b - a +0 scale mail (worn)
 c - a +0 kite shield (worn)
 i - a +0 cloak (worn)
Wands
 k - a wand of flame (10)
Scrolls
 g - 5 scrolls of identify


   Skills:
 * Level 7.4 Fighting
 - Level 2.7 Axes
 - Level 3.3 Armour
 + Level 0.5 Stealth
 - Level 3.3 Shields


You had 4 spell levels left.
You didn't know any spells.
Your spell library contained the following spells:

 Spells                   Type           Power      Damage    Failure   Level
 Corpse Rot               Necr/Air       N/A        N/A       99%         2
 Poisonous Vapours        Pois/Air       0%         N/A       99%         2
 Static Discharge         Conj/Air       0%         N/A       99%         2
 Freezing Cloud           Conj/Ice/Air   0%         6-21      100%        5
 Lightning Bolt           Conj/Air       0%         1d11      100%        5
 Maxwell's Capacitive Co  Air            0%         ∞         100%        8


Dungeon Overview and Level Annotations

Branches:
Dungeon (3/15)

Altars:
Cheibriados

Shops:
D:2 *

Annotations:
D:3 1 transporter, Natasha


Innate Abilities, Weirdness & Mutations

You have large cloven feet.
You are agile. (Dex +2)
You are frail. (-10% HP)
You have an increased reservoir of magic. (+10% MP)
You evolve.


Message History

You kill Natasha!
Cheibriados appreciates the change of pace.
Moaning pathetically, Natasha's spirit plunges into the ground.
No reachable target in view!
No reachable target in view!
You see here the felid corpse of Natasha.
You now have 54 gold pieces (gained 21).
d - a potion of curing
There is a transporter here.
You enter the transporter and appear at another place.
k - a wand of flame (10)
You open the door.
The electric eel shoots out a bolt of lightning at you!
The bolt of electricity hits you. The bolt of electricity hits you!
The bolt of electricity hits the plant!
The plant begins to die.
There is an open door here.
The electric eel shoots out a bolt of lightning at you!
The bolt of electricity hits you. The bolt of electricity hits you!
The electric eel shoots out a bolt of lightning at you!
The bolt of electricity hits you!
* * * LOW HITPOINT WARNING * * *
You are too injured to fight recklessly!
You are too injured to fight recklessly!
You are too injured to fight recklessly!
You are too injured to fight recklessly!
You are too injured to fight recklessly!
You feel much better.
The electric eel shoots out a bolt of lightning at you!
The bolt of electricity hits you! x2
* * * LOW HITPOINT WARNING * * *
You feel better.
Natasha hisses angrily.
The electric eel shoots out a bolt of lightning at you!
The bolt of electricity misses you.
A nearby plant withers and dies.
The electric eel shoots out a bolt of lightning at you!
The bolt of electricity hits you!
* * * LOW HITPOINT WARNING * * *
The bolt of electricity hits you!
You die...

######
#.###+###...######
#.#≈≈≈≈≈#...#
#.#≈≈P≈≈#...#
#.#≈≈≈P≈#h..#
#.#≈≈⌠≈≈#...# .
#.#≈≈≈≈≈#...# ...#
#.#≈...;#..##
....###.#≈...;#.##
........###@###.#
...#.#..#P...≈#.#
........#8.©.8#.#
#.#†#######.#
#......©....#
##...#...####
###....##
#............
####...#.#(..


You could see 2 electric eels and Natasha.

Vanquished Creatures
  Natasha (twice) (D:3)
  4 gnolls (D:2)
  5 adders
  An adder skeleton (D:2)
  2 worms (D:2)
  4 dart slugs
  8 bats
  2 endoplasms (D:1)
  2 giant cockroaches (D:1)
  3 goblins
  8 hobgoblins
  3 jackals (D:1)
  2 quokkas (D:1)
  3 ball pythons
  5 frilled lizards
  6 kobolds
  4 rats
64 creatures vanquished.

Vanquished Creatures (others)
  A plant (D:3)
1 creature vanquished.

Grand Total: 65 creatures vanquished

Notes
Turn   | Place    | Note
-------+----------+-------------------------------------------
     0 | D:1      | SlutHorse69 the Hill Orc Fighter began the quest for the
                  | Orb.
     0 | D:1      | Reached XP level 1. HP: 19/19 MP: 1/1
   277 | D:1      | Reached skill level 4 in Fighting
   277 | D:1      | Reached XP level 2. HP: 27/27 MP: 2/2
   367 | D:1      | Found a faded altar of an unknown god.
   422 | D:1      | Became a worshipper of Cheibriados the Contemplative
   422 | D:1      | Reached * piety under Cheibriados
   557 | D:1      | Reached XP level 3. HP: 15/34 MP: 3/3
  1213 | D:1      | Reached skill level 5 in Fighting
  1519 | D:2      | Gained mutation: You evolve. [potion of mutation]
  1519 | D:2      | Gained mutation: You are agile. (Dex +2) [potion of
                  | mutation]
  1519 | D:2      | Gained mutation: You have large cloven feet. [potion of
                  | mutation]
  1561 | D:2      | Gained mutation: You have an increased reservoir of magic.
                  | (+10% MP) [evolution]
  1597 | D:2      | Reached ** piety under Cheibriados
  1643 | D:2      | Reached XP level 4. HP: 40/44 MP: 4/4
  1832 | D:2      | Reached skill level 6 in Fighting
  1858 | D:2      | Found Ecaoj's General Store.
  1872 | D:2      | Bought a potion of curing for 33 gold pieces
  1872 | D:2      | Bought a scroll of identify for 22 gold pieces
  1953 | D:2      | Reached XP level 5. HP: 38/51 MP: 5/5
  2274 | D:2      | Gained mutation: You are frail. (-10% HP) [evolution]
  2578 | D:3      | Found a transporter.
  2591 | D:3      | Noticed Natasha
  2597 | D:3      | Killed Natasha
  2597 | D:3      | Reached *** piety under Cheibriados
  2598 | D:3      | Reached skill level 7 in Fighting
  2654 | D:3      | Found a transporter.
  2670 | D:3      | Noticed Natasha
  2676 | D:3      | Killed Natasha
  2695 | D:3      | Noticed Natasha
  2697 | D:3      | Killed from afar by an electric eel

Illustrated notes

Levels and vault maps discovered:
D:1:      dpeg_arrival_erosion, layout_loops_ring,
          ebering_ecumenical_altar_webs, skrybe_limestone_x
D:2:      layout_loops_ring, serial_shops, nicolae_shop_crystal
D:3:      gammafunk_steamed_eel, layout_rooms, uniq_natasha

Skill      XL: |  1  2  3  4  5 |
---------------+----------------+-----
Fighting       | 4 5 6 7 |  7.4
Axes           | |  2.7
Armour         | |  3.3
Stealth        | |  0.5
Shields        | |  3.3

Action                   |  1- 3 |  4- 6 || total
-------------------------+-------+-------++-------
Melee: War axe           |   111 |    58 ||   169
       Kick              |     4 |    21 ||    25
Throw: Stone             |       |     3 ||     3
  Use: Scroll            |     2 |     1 ||     3
       Potion            |     2 |     6 ||     8
Armor: Scale mail        |    52 |    17 ||    69
Dodge: Dodged            |    40 |    16 ||    56
Block: Kite shield       |    63 |    39 ||   102
